[Event "Titled Tuesday Blitz May 16 Early 2023"]
[White "Rodchenkov, Sergey D."]
[Black "Skliarov, Viktor"]
[WhiteFideId "4168712"]
[BlackFideId "14106736"]
[WhiteElo "2277"]
[BlackElo "2317"]
[Result "0-1"]
[Round "03"]
[TimeControl "180+2"]
[Date "2023.05.16"]
[WhiteClock "0:00:11"]
[BlackClock "0:00:05"]

1. e4 c5 2. Nf3 Nc6 3. d4 cxd4 4. Nxd4 Nf6 5. Nc3 e5 6. Ndb5 d6 7. Nd5 Nxd5 8. exd5 Nb8 9. Be2 Be7 10. c4 O-O 11. O-O a6 12. Nc3 f5 13. f4 Nd7 14. Kh1 b6 15. a4 a5 16. Nb5 Ba6 17. Be3 Bxb5 18. axb5 exf4 19. Bxf4 Nc5 20. Qe1 Bf6 21. Qg3 Ne4 22. Qb3 Bg5 23. Qf3 Bxf4 24. Qxf4 Qg5 25. Qxg5 Nxg5 26. Bd3 g6 27. Rae1 Rae8 28. Kg1 Nf7 29. Kf2 Ne5 30. Be2 Kf7 31. h3 Kf6 32. Ra1 Nd7 33. Rfe1 Nc5 34. Bf1 Re5 35. Rxe5 dxe5 36. Rd1 Rd8 37. Bd3 e4 38. Bc2 Ke5 39. g3 g5 40. Rh1 Kd4 41. h4 h6 42. hxg5 hxg5 43. b3 Kc3 44. Bd1 Nxb3 45. Bxb3 Kxb3 46. c5 bxc5 47. b6 Kc4 48. d6 Rxd6 49. Rc1+ Kd5 50. b7 Rb6 51. Rd1+ Kc6 52. Ra1 Rxb7 53. Ke3 Rb3+ 54. Ke2 Kd5 55. Rd1+ Ke5 56. Ra1 Rxg3 57. Rxa5 Rc3 58. Ra7 Rc4 59. Re7+ Kf4 60. Ra7 g4 61. Ra4 Rxa4 0-1


[Site "https://www.chess.com"]

[Event "Titled Tuesday Blitz May 16 Early 2023"]
[White "Antal, Gergely"]
[Black "Turzo, Attila"]
[WhiteFideId "717312"]
[BlackFideId "704954"]
[WhiteElo "2471"]
[BlackElo "2476"]
[Result "1-0"]
[Round "03"]
[TimeControl "180+2"]
[Date "2023.05.16"]
[WhiteClock "0:00:34"]
[BlackClock "0:00:13"]

1. Nc3 e5 2. e4 Nc6 3. g3 Nf6 4. Bg2 Bb4 5. Nge2 O-O 6. O-O d6 7. d3 h6 8. h3 Ne7 9. Kh2 Ng6 10. d4 Qe7 11. f4 exd4 12. Qxd4 Bc5 13. Qd3 Re8 14. Be3 Bxe3 15. Qxe3 Bf5 16. Rae1 Bxe4 17. Nxe4 Nxe4 18. f5 Nf8 19. Nf4 d5 20. Nxd5 Qc5 21. Bxe4 Qxe3 22. Rxe3 Re5 23. Bg2 Rxe3 24. Nxe3 c6 25. a4 Rd8 26. Nc4 Rd4 27. b3 Nd7 28. Na5 Rd1 29. Rxd1 1-0


[Site "https://www.chess.com"]

[Event "Titled Tuesday Blitz May 16 Early 2023"]
[White "Begunov, Konstantin"]
[Black "Lewicki, Miroslaw"]
[WhiteFideId "4118510"]
[BlackFideId "1113380"]
[WhiteElo "2050"]
[BlackElo "2212"]
[Result "0-1"]
[Round "03"]
[TimeControl "180+2"]
[Date "2023.05.16"]
[WhiteClock "0:00:00"]
[BlackClock "0:01:41"]

1. d4 g6 2. c4 Bg7 3. Nc3 c5 4. Nf3 cxd4 5. Nxd4 Nc6 6. e3 Nf6 7. Be2 O-O 8. O-O d6 9. b3 Nxd4 10. exd4 d5 11. Bf3 Be6 12. c5 b6 13. b4 a5 14. b5 bxc5 15. dxc5 Nd7 16. Nxd5 Bxa1 17. Bg5 Bf6 18. Nxf6+ exf6 19. Bh6 Nxc5 20. Qc2 Rc8 21. Bxf8 Qxf8 22. b6 Qd6 23. Rb1 Bf5 24. Qc3 Bxb1 25. b7 Rb8 0-1


[Site "https://www.chess.com"]

[Event "Titled Tuesday Blitz May 16 Early 2023"]
[White "cryptoguru02"]
[Black "Tanmay Jain"]
[BlackFideId "45015481"]
[WhiteElo "2629"]
[BlackElo "2032"]
[Result "1/2-1/2"]
[Round "03"]
[TimeControl "180+2"]
[Date "2023.05.16"]
[WhiteClock "0:00:05"]
[BlackClock "0:00:11"]

1. d4 Nf6 2. c4 e6 3. Nc3 d5 4. Nf3 Be7 5. Bf4 O-O 6. e3 b6 7. Bd3 Bb7 8. cxd5 exd5 9. O-O c5 10. dxc5 Bxc5 11. Nb5 Nc6 12. a3 a6 13. Nbd4 Nxd4 14. Nxd4 Ne4 15. Rc1 Rc8 16. Qe2 Qf6 17. Nf3 b5 18. Be5 Qb6 19. Bd4 Bxd4 20. Nxd4 Qf6 21. Rfd1 Nc5 22. Bb1 Ne6 23. Rxc8 Rxc8 24. h3 Re8 25. Qg4 Bc8 26. Qf3 Qe5 27. Qf5 Nxd4 28. Qxh7+ Kf8 29. Rxd4 g6 30. Qh4 Be6 31. Qf4 Qxf4 32. exf4 Rc8 33. Rd1 Rc4 34. Ba2 Rc2 35. Bxd5 Bxd5 36. Rxd5 Rxb2 37. Rd6 a5 38. Ra6 a4 39. Rb6 Rb3 40. g3 Kg7 41. Kg2 Kf8 42. h4 Kg7 43. Kh3 Kf8 44. Kg4 Kg7 45. f5 gxf5+ 46. Kxf5 Rxa3 47. Rxb5 Rf3+ 48. Kg4 Rxf2 49. Ra5 Ra2 50. Ra6 Ra3 51. Kf4 Ra2 52. Kg5 Ra1 53. g4 a3 54. h5 a2 55. h6+ Kh7 56. Ra7 Kg8 57. Ra8+ Kh7 58. Ra6 Kg8 59. Ra7 Kf8 60. Ra8+ Ke7 61. h7 Rh1 62. Rxa2 Rxh7 63. Re2+ Kf8 64. Kf5 Rg7 65. Ra2 Rg6 66. g5 Kg7 67. Ra5 Re6 68. Re5 Rg6 69. Re7 Rc6 70. Rd7 Rg6 71. Kg4 Ra6 72. Kh5 Rg6 73. Rc7 Ra6 74. Rb7 Rg6 75. Ra7 Rc6 76. Rb7 Rc1 77. Rb6 Rh1+ 78. Kg4 Rg1+ 79. Kf5 Rf1+ 80. Kg4 Rg1+ 81. Kh5 Rh1+ 82. Kg4 Rg1+ 1/2-1/2


[Site "https://www.chess.com"]

[Event "Titled Tuesday Blitz May 16 Early 2023"]
[White "Martic, Ivan"]
[Black "Jeet, Jain"]
[WhiteFideId "929301"]
[BlackFideId "5073022"]
[WhiteElo "2360"]
[BlackElo "2067"]
[Result "0-1"]
[Round "03"]
[TimeControl "180+2"]
[Date "2023.05.16"]
[WhiteClock "0:01:28"]
[BlackClock "0:00:22"]

1. d4 c6 2. e4 d5 3. e5 c5 4. dxc5 Nc6 5. f4 e6 6. Be3 d4 7. Bf2 Bxc5 8. Nd2 Nge7 9. a3 a5 10. Bd3 Nd5 11. Ne4 Be7 12. Nh3 Qb6 13. Qg4 g6 14. O-O h5 15. Qg3 Bd7 16. Nhg5 h4 17. Qg4 Ne3 18. Bxe3 dxe3 19. Kh1 Nd4 20. Nxf7 Kxf7 21. Nf6 Nf5 22. Nxd7 Qd4 23. Nf6 e2 24. Bxf5 exf1=Q+ 25. Rxf1 gxf5 26. Qf3 Bxf6 27. exf6 Qd5 28. Qc3 h3 29. Rf2 Qd1+ 0-1


[Site "https://www.chess.com"]

[Event "Titled Tuesday Blitz May 16 Early 2023"]
[White "Manukyan, Sargis A."]
[Black "Sowul, Bartosz"]
[WhiteFideId "13303970"]
[BlackFideId "1137590"]
[WhiteElo "2187"]
[BlackElo "2188"]
[Result "1-0"]
[Round "03"]
[TimeControl "180+2"]
[Date "2023.05.16"]
[WhiteClock "0:00:40"]
[BlackClock "0:00:21"]

1. d4 Nf6 2. c4 c5 3. d5 b5 4. cxb5 a6 5. bxa6 g6 6. Nc3 Bg7 7. Nf3 O-O 8. g3 d6 9. Bg2 Nbd7 10. O-O Nb6 11. Nh4 Bxa6 12. Rb1 Nfd7 13. Bd2 Nc4 14. b3 Nxd2 15. Qxd2 Qa5 16. Rfc1 Rfb8 17. Nf3 c4 18. Nd4 Bxd4 19. Qxd4 cxb3 20. axb3 Rb4 21. Qd2 Qb6 22. Ne4 Ne5 23. Qg5 f6 24. Qd2 Rxb3 25. Rxb3 Qxb3 26. h3 Qb7 27. f4 Nc4 28. Qc3 Rc8 29. Kh2 Kf7 30. h4 Nb6 31. Qd2 Rxc1 32. Qxc1 Bxe2 33. Qe1 Bg4 34. Nc3 Qd7 35. Qe3 Na8 36. Qd4 Nc7 37. Ne4 Ne8 38. Nf2 Bf5 39. Nd1 Ng7 40. Ne3 Bg4 41. Nc4 Nf5 42. Qf2 h5 43. Na5 Nh6 44. Nc6 Bf5 45. Bf3 Bg4 46. Bg2 Nf5 47. Qe1 Ng7 48. Nd4 Bf5 49. Qe3 Bg4 50. Qc3 Nf5 51. Nc6 Qa7 52. Nxa7 1-0


[Site "https://www.chess.com"]

[Event "Titled Tuesday Blitz May 16 Early 2023"]
[White "liwadas82"]
[Black "Bernabeu Lopez, Carlos Javier"]
[BlackFideId "2235366"]
[WhiteElo "2468"]
[BlackElo "2344"]
[Result "0-1"]
[Round "03"]
[TimeControl "180+2"]
[Date "2023.05.16"]
[WhiteClock "0:00:00"]
[BlackClock "0:01:37"]

1. e4 e5 2. Nf3 Nc6 3. Bb5 a6 4. Ba4 Nge7 5. d4 exd4 6. Nxd4 g6 7. Nc3 Bg7 8. Nxc6 Nxc6 9. O-O O-O 10. Nd5 d6 11. Re1 Be6 12. Bb3 Nd4 13. Be3 Nxb3 14. axb3 Bxb2 15. Rb1 Bg7 16. c4 Re8 17. Bd4 Bxd5 18. cxd5 Qe7 19. Rc1 Rac8 20. Rc3 c5 21. dxc6 bxc6 22. Bxg7 Kxg7 23. Rd3 d5 24. e5 Qb4 25. Rd4 Qb6 26. b4 Re6 27. f4 a5 28. bxa5 Qxa5 29. Kh1 Rb8 30. f5 gxf5 31. Rf1 Qa2 32. Rdf4 Rg6 33. R4f2 Rb2 34. Qf3 Rxf2 35. Rxf2 Qa1+ 36. Rf1 Qxe5 37. g3 Qe4 38. Kg2 Re6 39. Rc1 Kf6 40. Kf2 Qd4+ 41. Kf1 Qd2 42. Qc3+ Qxc3 43. Rxc3 Ke5 44. Ke2 Kd4+ 45. Kd2 c5 46. Ra3 c4 47. Ra4 Rb6 48. Kc2 Rh6 49. h4 Rg6 50. Ra3 f4 51. gxf4 Rg2+ 52. Kd1 c3 53. Ke1 c2 54. Ra4+ Ke3 55. Ra3+ Kxf4 56. Rc3 d4 57. Rc4 Ke3 58. Kf1 Rd2 0-1


[Site "https://www.chess.com"]

[Event "Titled Tuesday Blitz May 16 Early 2023"]
[White "Levitskiy, Andrey"]
[Black "UNSTOPPABLE_LEGEND"]
[WhiteFideId "14132885"]
[WhiteElo "2347"]
[BlackElo "2467"]
[Result "1-0"]
[Round "03"]
[TimeControl "180+2"]
[Date "2023.05.16"]
[WhiteClock "0:00:04"]
[BlackClock "0:00:05"]

1. e4 e6 2. d4 d5 3. Bd3 dxe4 4. Bxe4 Nf6 5. Bf3 c5 6. Ne2 Nc6 7. Be3 cxd4 8. Nxd4 Ne5 9. Nc3 a6 10. Qe2 Nxf3+ 11. Qxf3 e5 12. O-O-O Bg4 13. Qxb7 Bxd1 14. Rxd1 exd4 15. Bxd4 Nd7 16. Re1+ Be7 17. Nd5 O-O 18. Nxe7+ Kh8 19. Nc6 Qc8 20. Qxc8 Raxc8 21. Ne5 Rfe8 22. Nxf7+ Kg8 23. Rxe8+ Rxe8 24. Nd6 Re6 25. Nf5 g6 26. Ne3 Kf7 27. Kd2 Re4 28. Kd3 Re6 29. c4 Rc6 30. b3 Ke6 31. Nd5 Ne5+ 32. Bxe5 Kxe5 33. f4+ Kf5 34. Ne7+ 1-0


[Site "https://www.chess.com"]

[Event "Titled Tuesday Blitz May 16 Early 2023"]
[White "Vlassov, Nikolai"]
[Black "Rom, Jasper"]
[WhiteFideId "4103360"]
[BlackFideId "2023733"]
[WhiteElo "2324"]
[BlackElo "2233"]
[Result "1-0"]
[Round "03"]
[TimeControl "180+2"]
[Date "2023.05.16"]
[WhiteClock "0:00:01"]
[BlackClock "0:00:00"]

1. e4 e6 2. d4 d5 3. Nc3 Nf6 4. e5 Nfd7 5. f4 c5 6. Nf3 Nc6 7. Be3 Be7 8. Qd2 O-O 9. h4 cxd4 10. Nxd4 Bxh4+ 11. Bf2 Bxf2+ 12. Qxf2 Nxd4 13. Qxd4 Qb6 14. Qd3 h6 15. O-O-O Nc5 16. Qg3 d4 17. Nb5 Na4 18. Rxd4 a6 19. Rxa4 Bd7 20. Nc3 Bxa4 21. Nxa4 Qd4 22. Nc3 Rfd8 23. Bd3 Rac8 24. Rxh6 Qg1+ 25. Kd2 b5 26. a3 Rxd3+ 27. cxd3 Qa1 28. Nd1 Qc1+ 29. Ke1 Rc2 30. Qe3 gxh6 31. Qg3+ Kf8 32. f5 Qd2+ 33. Kf1 Qxd1+ 34. Qe1 Qxd3+ 35. Kg1 Qd4+ 36. Kh1 Qd2 37. Qe4 Qc1+ 38. Kh2 Qg5 39. f6 Qf5 40. Qa8+ 1-0


[Site "https://www.chess.com"]

[Event "Titled Tuesday Blitz May 16 Early 2023"]
[White "DubiousM0ves532"]
[Black "Herrera Ortiz, Miguel"]
[BlackFideId "5100550"]
[WhiteElo "2466"]
[BlackElo "2617"]
[Result "0-1"]
[Round "03"]
[TimeControl "180+2"]
[Date "2023.05.16"]
[WhiteClock "0:00:00"]
[BlackClock "0:00:15"]

1. Nf3 e6 2. c4 d5 3. cxd5 exd5 4. d4 Nf6 5. Nc3 Be7 6. Bg5 O-O 7. e3 Nbd7 8. Bd3 c6 9. O-O Re8 10. Qc2 Nf8 11. Rab1 a5 12. a3 Ne4 13. Bxe4 Bxg5 14. Bd3 Be7 15. b4 axb4 16. axb4 Bd6 17. b5 Bg4 18. Nd2 Re6 19. g3 Qf6 20. bxc6 bxc6 21. Rfc1 h5 22. Nf1 h4 23. Na4 hxg3 24. hxg3 Bf3 25. Nh2 Ba3 26. Nxf3 Bxc1 27. Ne5 Ba3 28. Nb6 Rd8 29. Bf5 Red6 30. Bd3 Ne6 0-1


[Site "https://www.chess.com"]

[Event "Titled Tuesday Blitz May 16 Early 2023"]
[White "Lenaerts, Lennert"]
[Black "Srebrnic, Marko"]
[WhiteFideId "211435"]
[BlackFideId "14603616"]
[WhiteElo "2334"]
[BlackElo "2341"]
[Result "1-0"]
[Round "03"]
[TimeControl "180+2"]
[Date "2023.05.16"]
[WhiteClock "0:01:27"]
[BlackClock "0:00:08"]

1. d4 Nf6 2. c4 d6 3. Nc3 Bf5 4. f3 e5 5. d5 e4 6. h4 h5 7. Bg5 Be7 8. Qb3 Qc8 9. Nh3 O-O 10. Nf2 exf3 11. gxf3 Nbd7 12. e4 Nc5 13. Qc2 Bh7 14. Bh3 Qd8 15. b4 Na6 16. a3 c6 17. Rg1 Kh8 18. dxc6 bxc6 19. Rd1 Qe8 20. Kf1 Rd8 21. Qa4 Nb8 22. Qxa7 d5 23. cxd5 cxd5 24. exd5 Nc6 25. dxc6 Qxc6 26. Qxe7 Rde8 27. Qc5 Qxf3 28. Bg2 Qg3 29. Bc6 1-0


[Site "https://www.chess.com"]

[Event "Titled Tuesday Blitz May 16 Early 2023"]
[White "Akash G"]
[Black "Rios Escobar, Adan"]
[WhiteFideId "5040299"]
[BlackFideId "3403645"]
[WhiteElo "2395"]
[BlackElo "2458"]
[Result "1-0"]
[Round "03"]
[TimeControl "180+2"]
[Date "2023.05.16"]
[WhiteClock "0:00:22"]
[BlackClock "0:00:01"]

1. d4 Nf6 2. Nf3 g6 3. b3 Bg7 4. Bb2 O-O 5. g3 b6 6. Bg2 Bb7 7. O-O a5 8. Nbd2 a4 9. Rb1 d6 10. c4 Nbd7 11. Qc2 Re8 12. d5 e6 13. dxe6 fxe6 14. b4 a3 15. Ba1 Qe7 16. Nd4 Bxg2 17. Kxg2 Qf7 18. Nb5 Nb8 19. Rb3 Nc6 20. Rfb1 Rf8 21. Rf3 Ne5 22. Bxe5 dxe5 23. Ne4 Qe7 24. Nxa3 Nxe4 25. Qxe4 Rad8 26. Rd3 Rd4 27. Rxd4 exd4 28. Nc2 Qf6 29. f3 e5 30. Ne1 Qe6 31. Rc1 Rb8 32. a4 Qd6 33. Nd3 c5 34. b5 Rc8 35. Ra1 Rd8 36. a5 bxa5 37. Rxa5 Rb8 38. Ra6 Rb6 39. Qa8+ Kf7 40. Ra7+ Kf6 41. Nf2 g5 42. Ne4+ Kg6 43. Qe8+ Kh6 44. Nxd6 Rxd6 45. Qe7 Rg6 46. b6 e4 47. fxe4 d3 48. exd3 Kh5 49. h3 Bf6 50. Qxh7+ Rh6 51. g4+ Kh4 52. Qxh6# 1-0


[Site "https://www.chess.com"]

[Event "Titled Tuesday Blitz May 16 Early 2023"]
[White "Osinovsky, Stepan"]
[Black "Kononenko, Dmitry"]
[WhiteFideId "4157354"]
[BlackFideId "14113538"]
[WhiteElo "2222"]
[BlackElo "2198"]
[Result "1/2-1/2"]
[Round "03"]
[TimeControl "180+2"]
[Date "2023.05.16"]
[WhiteClock "0:00:44"]
[BlackClock "0:00:57"]

1. e4 d5 2. exd5 Qxd5 3. Nc3 Qa5 4. g3 c6 5. Bg2 h5 6. d3 h4 7. Bd2 hxg3 8. hxg3 Rxh1 9. Bxh1 Nf6 10. Nd5 Qd8 11. Nxf6+ gxf6 12. Qh5 Be6 13. Ne2 Bd5 14. O-O-O Bxh1 15. Rxh1 Nd7 16. Nf4 Qc7 17. Ne6 Qd6 18. Re1 Ne5 19. Nxf8 O-O-O 20. f4 Nxd3+ 21. cxd3 Qxd3 22. Qe2 Qd5 23. Qxe7 Qxd2+ 24. Kb1 Qd3+ 25. Kc1 Qd2+ 26. Kb1 Qd3+ 27. Kc1 Qd2+ 1/2-1/2


[Site "https://www.chess.com"]

[Event "Titled Tuesday Blitz May 16 Early 2023"]
[White "hakanazeri2"]
[Black "Chernov, Mikhail"]
[BlackFideId "24143170"]
[WhiteElo "2614"]
[BlackElo "2113"]
[Result "0-1"]
[Round "03"]
[TimeControl "180+2"]
[Date "2023.05.16"]
[WhiteClock "0:00:38"]
[BlackClock "0:01:43"]

1. e4 c5 2. Nf3 Nc6 3. d4 cxd4 4. Nxd4 Nf6 5. Nc3 d6 6. Bg5 e6 7. Qd2 a6 8. O-O-O Bd7 9. f4 b5 10. e5 dxe5 11. Nxc6 Bxc6 12. Qxd8+ Rxd8 13. Rxd8+ Kxd8 14. fxe5 h6 15. Bh4 g5 16. exf6 gxh4 17. Bd3 h3 18. Be4 Bxe4 19. Nxe4 hxg2 20. Rg1 Rg8 21. Ng3 h5 22. Kd1 h4 23. Ne4 Rg4 24. Nf2 Bc5 25. Ke2 Bxf2 26. Kxf2 h3 27. Kf3 Rg6 28. b3 Rxf6+ 0-1


[Site "https://www.chess.com"]

[Event "Titled Tuesday Blitz May 16 Early 2023"]
[White "Popilski, Gil"]
[Black "Zavortink, Matt"]
[WhiteFideId "2809060"]
[BlackFideId "2034263"]
[WhiteElo "2537"]
[BlackElo "2457"]
[Result "1-0"]
[Round "03"]
[TimeControl "180+2"]
[Date "2023.05.16"]
[WhiteClock "0:01:06"]
[BlackClock "0:00:16"]

1. d4 d5 2. c4 c6 3. Nf3 Nf6 4. e3 Bf5 5. Nc3 e6 6. Be2 h6 7. Bd3 Bxd3 8. Qxd3 Nbd7 9. O-O Bd6 10. b3 O-O 11. Bb2 Qe7 12. e4 dxe4 13. Nxe4 Nxe4 14. Qxe4 Nf6 15. Qe2 Ba3 16. Bxa3 Qxa3 17. Rad1 Rfd8 18. c5 b6 19. Ne5 Rac8 20. Qf3 Rd5 21. Nc4 Qa6 22. Nd6 Rd8 23. b4 R5xd6 24. cxd6 Rxd6 25. a3 Nd5 26. Rc1 Qc8 27. Rc2 Qd7 28. Rfc1 Ne7 29. b5 cxb5 30. Rc7 Qd8 31. Rxa7 Rxd4 32. Ra8 1-0


[Site "https://www.chess.com"]

[Event "Titled Tuesday Blitz May 16 Early 2023"]
[White "Bettalli, Francesco"]
[Black "Odegov, Artem"]
[WhiteFideId "2816453"]
[BlackFideId "34183644"]
[WhiteElo "2216"]
[BlackElo "2300"]
[Result "1/2-1/2"]
[Round "03"]
[TimeControl "180+2"]
[Date "2023.05.16"]
[WhiteClock "0:01:52"]
[BlackClock "0:00:37"]

1. d4 Nf6 2. Nc3 d5 3. Bf4 a6 4. e3 b5 5. a3 Bb7 6. Nf3 Nbd7 7. Ne5 e6 8. Bd3 Be7 9. O-O c5 10. Qf3 Rc8 11. Qh3 c4 12. Be2 O-O 13. g4 Ne4 14. Nxe4 dxe4 15. a4 Nxe5 16. Bxe5 Qd5 17. axb5 axb5 18. Ra7 f6 19. Bg3 Ra8 20. Rfa1 Rxa7 21. Rxa7 Ra8 22. Rxa8+ Bxa8 23. Qf1 Kf7 24. Qa1 b4 25. Qa6 c3 26. bxc3 bxc3 27. Bc4 Qc6 28. Qa2 Bb7 29. h3 Qb6 30. Kg2 Bc8 31. d5 exd5 32. Bxd5+ Be6 33. Bc7 Qxc7 34. Bxe6+ Kf8 35. Bg8 Bc5 36. Bxh7 Ke7 37. Bxe4 Qd6 38. Qc4 Bb6 39. Qxc3 Kf7 40. Qc4+ Ke7 41. Qd5 Qc7 42. Qc6 Qd8 43. Bd5 Qd6 44. Qxd6+ Kxd6 45. c4 Ke5 46. Kf3 g5 47. Kg3 Bc5 48. f4+ Kd6 49. Kf3 Ke7 50. Ke4 Kd6 51. Kf5 Bxe3 52. fxg5 fxg5 53. Kf6 Kc5 54. Ke5 Bf2 55. Kf5 Bh4 56. Ke4 Be1 57. Ke5 Bh4 58. Ke6 Bg3 59. Kf6 Bh4 60. Kf5 Kd6 61. Kg6 Kc5 62. Kf5 Kd6 63. Kf6 Kc5 64. Ke6 Bg3 65. Kd7 Bh4 66. Kc7 Bg3+ 67. Kc8 Bh4 68. Kd8 Bg3 69. h4 Bxh4 70. Ke7 Bg3 71. Kf6 Bf4 72. Kf5 Bc1 73. Ke4 Bd2 74. Kf5 Bf4 75. Ke6 Bc1 76. Be4 Bf4 77. Bf5 Bc1 78. Ke5 Bd2 79. Ke4 Bf4 80. Kd3 Bc1 81. Be6 Bf4 82. Bd5 Bd6 83. Ke4 Bc7 84. Kf3 Bd8 85. Kg2 Bc7 86. Kh3 Bd8 87. Kg2 Bc7 88. Kh1 Bd8 89. Kg1 Bc7 90. Kf1 Bd8 91. Ke1 Bc7 92. Ke2 Bd8 93. Kd2 Bc7 94. Kc3 Bf4 95. Kd3 Be5 96. Kc2 Bf4 97. Kb3 Bd6 98. Ka2 Bc7 99. Kb2 Bd8 100. Kb3 Bc7 101. Ka3 Bd8 102. Ka4 Bc7 103. Kb3 Bd8 104. Kc3 Bc7 105. Kd3 Bf4 106. Ke4 Bc1 107. Kf5 Bd2 108. Ke6 Bf4 109. Kf6 Bc1 110. Kg6 Bd2 111. Kf5 Bc1 112. Kf6 Bd2 113. Kg6 Bc1 114. Kh6 Bd2 115. Kh5 Bc1 116. Kg6 Bd2 117. Kf5 1/2-1/2


[Site "https://www.chess.com"]

[Event "Titled Tuesday Blitz May 16 Early 2023"]
[White "electrosaw"]
[Black "Sebag, Marie"]
[BlackFideId "617822"]
[WhiteElo "2453"]
[BlackElo "2431"]
[Result "1-0"]
[Round "03"]
[TimeControl "180+2"]
[Date "2023.05.16"]
[WhiteClock "0:01:21"]
[BlackClock "0:00:08"]

1. e4 e5 2. Nf3 Nc6 3. Bb5 a6 4. Bxc6 dxc6 5. O-O Bg4 6. h3 h5 7. d3 Qf6 8. Nbd2 Ne7 9. Re1 Ng6 10. d4 Nf4 11. dxe5 Qg6 12. Nh4 Bxd1 13. Nxg6 Nxg6 14. Rxd1 O-O-O 15. Re1 Nxe5 16. Nb3 f6 17. Bd2 Nc4 18. Bc3 b6 19. Rad1 Be7 20. Nd2 Nxd2 21. Rxd2 Rxd2 22. Bxd2 Rd8 23. Bc3 c5 24. Kf1 b5 25. Ke2 b4 26. Bd2 Bd6 27. Be3 Kb7 28. Rd1 Kc6 29. Rd5 Re8 30. f3 g6 31. g4 hxg4 32. hxg4 g5 33. Kd3 Rh8 34. Kc4 Rh2 35. c3 bxc3 36. bxc3 Rxa2 37. Bxc5 Ra4+ 38. Bb4 Bxb4 39. cxb4 a5 40. Rxa5 1-0


[Site "https://www.chess.com"]

[Event "Titled Tuesday Blitz May 16 Early 2023"]
[White "Makaraci, Tunahan"]
[Black "Jumanov, Elbek"]
[WhiteFideId "6356559"]
[BlackFideId "14202905"]
[WhiteElo "2160"]
[BlackElo "2055"]
[Result "0-1"]
[Round "03"]
[TimeControl "180+2"]
[Date "2023.05.16"]
[WhiteClock "0:00:10"]
[BlackClock "0:00:23"]

1. e4 c5 2. c3 d5 3. exd5 Qxd5 4. d4 Nc6 5. Nf3 Bg4 6. dxc5 Qxd1+ 7. Kxd1 Bxf3+ 8. gxf3 e6 9. b4 a5 10. Bb5 axb4 11. Bxc6+ bxc6 12. cxb4 Nf6 13. Kc2 Nd5 14. Bd2 Be7 15. Kb3 Kd7 16. Nc3 Rhb8 17. Nxd5 exd5 18. Be3 Bf6 19. Rad1 Ra7 20. Bd4 Rba8 21. Bxf6 Ra3+ 22. Kc2 gxf6 23. Rd2 Rxa2+ 24. Kd3 R8a3+ 25. Ke2 Rxd2+ 26. Kxd2 Rxf3 27. Ra1 Rb3 28. Ra7+ Ke6 29. Rb7 d4 30. Kc2 Rc3+ 31. Kb2 Kd5 32. Rxf7 Rf3 33. Rd7+ Kc4 34. Rd6 Rxf2+ 35. Kc1 d3 36. Rxc6 Kc3 37. Kb1 d2 38. Rd6 Rf1+ 39. Ka2 d1=Q 40. Rxd1 Rxd1 41. c6 Kxb4 0-1


[Site "https://www.chess.com"]

[Event "Titled Tuesday Blitz May 16 Early 2023"]
[White "Veiga, Jose Francisco R P Neves"]
[Black "Aakanksha Hagawane"]
[WhiteFideId "1930087"]
[BlackFideId "25014510"]
[WhiteElo "2320"]
[BlackElo "2081"]
[Result "0-1"]
[Round "03"]
[TimeControl "180+2"]
[Date "2023.05.16"]
[WhiteClock "0:00:03"]
[BlackClock "0:00:11"]

1. d4 Nf6 2. Nf3 d5 3. e3 c5 4. b3 b6 5. Bb2 Bb7 6. Bd3 Nbd7 7. Nbd2 e6 8. Qe2 Bd6 9. a3 O-O 10. O-O Rc8 11. Rad1 Re8 12. Rfe1 e5 13. dxe5 Nxe5 14. Nxe5 Bxe5 15. Bxe5 Rxe5 16. Nf3 Re8 17. c4 Qe7 18. Bf5 Rcd8 19. cxd5 Bxd5 20. Bc2 h6 21. Nh4 Ne4 22. Nf5 Qf6 23. Qg4 Nc3 24. Rc1 Be6 25. Qf3 Rd2 26. e4 Bxf5 27. e5 Rxe5 28. Rxe5 Rxc2 29. Re8+ Kh7 30. Rxc2 Bxc2 31. Qxf6 gxf6 32. b4 c4 33. Re7 Kg6 34. Rxa7 b5 35. f3 Na4 36. Kf2 Bd3 37. Ke3 f5 38. Rb7 Bf1 39. Rxb5 c3 40. Rb7 Nb2 41. Rc7 Nc4+ 42. Kf2 c2 43. Kxf1 c1=Q+ 44. Kf2 Qe3+ 0-1


[Site "https://www.chess.com"]

[Event "Titled Tuesday Blitz May 16 Early 2023"]
[White "Orlov, Georgi"]
[Black "Mayaud, Raphael"]
[WhiteFideId "2011271"]
[BlackFideId "627151"]
[WhiteElo "2604"]
[BlackElo "2191"]
[Result "1-0"]
[Round "03"]
[TimeControl "180+2"]
[Date "2023.05.16"]
[WhiteClock "0:00:05"]
[BlackClock "0:00:00"]

1. d4 Nf6 2. Nf3 d5 3. c4 c6 4. Qc2 dxc4 5. Qxc4 e6 6. Nbd2 Be7 7. e4 b5 8. Qc2 Bb7 9. e5 Nd5 10. Ne4 Nd7 11. a3 h6 12. Bd2 Rc8 13. b4 O-O 14. Bd3 a5 15. Qb2 axb4 16. axb4 Ra8 17. O-O Rxa1 18. Rxa1 Qb6 19. Nc5 Nxc5 20. dxc5 Qc7 21. Qd4 f5 22. Ra5 Ra8 23. Bc2 Rd8 24. Bb3 Bc8 25. Qa1 Bb7 26. h4 Kh7 27. g3 Rd7 28. Kg2 Qd8 29. Ra7 Qf8 30. Bxd5 cxd5 31. Nd4 Qc8 32. Qa5 Bc6 33. Rxd7 Qxd7 34. Qb6 Ba8 35. c6 Qc8 36. Qxb5 Bd8 37. Qc5 Bc7 38. b5 Bxe5 39. Bc3 f4 40. gxf4 Bxf4 41. Ne2 Bb8 42. Qd4 Qc7 43. Ng3 Kg8 44. Qe3 Qd6 45. Bd4 e5 46. Bc5 Qe6 47. Qa3 1-0


[Site "https://www.chess.com"]

[Event "Titled Tuesday Blitz May 16 Early 2023"]
[White "Agibileg, Uurtsaikh"]
[Black "Yeritsyan, Hayk"]
[WhiteFideId "4901606"]
[BlackFideId "13307320"]
[WhiteElo "2353"]
[BlackElo "2447"]
[Result "1-0"]
[Round "03"]
[TimeControl "180+2"]
[Date "2023.05.16"]
[WhiteClock "0:00:14"]
[BlackClock "0:00:03"]

1. d4 Nf6 2. c4 g6 3. Nc3 Bg7 4. e4 O-O 5. Be2 d6 6. Nf3 e5 7. O-O Nc6 8. d5 Ne7 9. Nd2 Nd7 10. b4 f5 11. c5 Nf6 12. f3 Rf7 13. Nc4 f4 14. a4 g5 15. Ba3 h5 16. cxd6 cxd6 17. b5 Ne8 18. Kh1 Ng6 19. a5 Bf8 20. b6 a6 21. Rc1 Nf6 22. Rg1 g4 23. g3 gxf3 24. Bxf3 Ng4 25. Rc2 fxg3 26. Rxg3 Qh4 27. Qg1 Bh6 28. Nxd6 Be3 29. Qf1 Rf4 30. Nd1 Bd4 31. Nxc8 Kh7 32. Bc1 Rxc8 33. Rxg4 hxg4 34. Bxf4 Rxc2 35. Bg3 Qf6 36. Be2 Qxf1+ 37. Bxf1 Nf4 38. d6 Rc6 39. d7 Rd6 40. Nf2 Bxf2 41. Bxf2 Rxd7 42. Be3 Rd1 43. Kg1 Kg6 44. Kf2 Ra1 45. Bxa6 Ra2+ 46. Kf1 Rxa5 47. Bxb7 Rb5 48. Bc6 Rb1+ 49. Kf2 Rb2+ 50. Kf1 Rb1+ 51. Kf2 Nd3+ 52. Kg3 Nb4 53. Be8+ Kf6 54. Kxg4 Nc2 55. Bf2 Nd4 56. Bh4+ Ke6 57. Bd8 Kd6 58. Bc7+ Ke7 59. Ba4 Ne6 60. Bc6 Nxc7 61. bxc7 Rg1+ 62. Kf5 Rg8 63. Bb7 Rf8+ 64. Kxe5 Kd7 65. c8=Q+ 1-0


[Site "https://www.chess.com"]

[Event "Titled Tuesday Blitz May 16 Early 2023"]
[White "Iskusnyh, Sergei"]
[Black "Khromkin, Andrey"]
[WhiteFideId "4120027"]
[BlackFideId "4154126"]
[WhiteElo "2492"]
[BlackElo "2447"]
[Result "1-0"]
[Round "03"]
[TimeControl "180+2"]
[Date "2023.05.16"]
[WhiteClock "0:00:19"]
[BlackClock "0:00:05"]

1. d4 d5 2. c4 dxc4 3. e3 e5 4. Bxc4 exd4 5. exd4 Bd6 6. Nf3 Nf6 7. O-O O-O 8. h3 h6 9. Nc3 Nc6 10. a3 Bf5 11. Re1 a6 12. Ba2 Re8 13. Be3 Qd7 14. d5 Ne5 15. Nxe5 Bxe5 16. Qf3 Bxc3 17. bxc3 Be4 18. Qg3 Kh7 19. Bd4 Qf5 20. c4 Nh5 21. Qg4 Qxg4 22. hxg4 Nf4 23. f3 Bg6 24. Kh2 b6 25. Rad1 Nd3 26. Rxe8 Rxe8 27. Bb1 Nf4 28. Bxg6+ Kxg6 29. Rd2 Re2 30. Rxe2 Nxe2 31. Be5 b5 32. cxb5 axb5 33. Bxc7 f6 34. g3 Nc3 35. d6 Kf7 36. d7 1-0


[Site "https://www.chess.com"]